 Dungeon Crawl Stone Soup version 0.29-a0-193-ga21e45360d (webtiles) character file.

Game seed: 14741418465042982163

7370 loirottaja the Protected (level 10, -12/54 (92) HPs)
             Began as a Deep Dwarf Fighter on Feb 22, 2022.
             Was an Initiate of Yredelemnul.
             Killed from afar by Josephine (30 damage)
             ... with a ghostly fireball
             ... on level 10 of the Dungeon.
             The game lasted 00:45:56 (6879 turns).

loirottaja the Protected (Deep Dwarf Fighter)       Turns: 6879, Time: 00:45:58

HP:   -12/54 (92)   AC: 21    Str: 24    XL:     10   Next: 91%
MP:   11/11         EV:  7    Int:  9    God:    Yredelemnul [......]
Gold: 515           SH:  6    Dex: 12    Spells: 9/9 levels left

rFire   . . .      SeeInvis .   A - +2 flail (drain)
rCold   . . .      Faith    .   c - +0 buckler
rNeg    . . .      Spirit   .   j - +0 plate armour
rPois   .          Reflect  .   (no helmet)
rElec   .          Harm     .   f - scarf {repulsion}
rCorr   .          Rampage  .   p - +1 pair of gloves
Will    +....                   (no boots)
Stlth   ..........              E - amulet of the acrobat
HPRegen 0.00/turn               g - +4 ring of protection
MPRegen 0.12/turn               (no ring)

@: mighty, lethally poisoned (-12 -> -12), slowed, very heavily drained, repel
missiles, very slow
A: damage resistance, heal wounds, sense surroundings 2, no regeneration
a: Heal Wounds, Renounce Religion, Recall Undead Harvest


You were on level 10 of the Dungeon.
You worshipped Yredelemnul.
Yredelemnul was aware of your devotion.
You visited 2 branches of the dungeon, and saw 11 of its levels.

You collected 526 gold pieces.
You spent 11 gold pieces at shops.

Inventory:

Hand Weapons
 a - a +0 war axe
 m - a +2 dagger of electrocution
 s - a +0 vorpal hand axe
 u - a +1 flail of protection
 w - a +3 whip of draining
 x - a +1 antimagic halberd
 A - a +2 flail of draining (weapon)
 B - a +2 whip of flaming
 G - a +2 short sword of electrocution
 H - a +2 halberd of freezing
 I - a +0 halberd of venom
 J - a +0 hand axe of electrocution
Missiles
 z - 8 curare-tipped darts
Armour
 b - a +0 scale mail
 c - a +0 buckler (worn)
 f - a scarf of repulsion (worn)
 j - a +0 plate armour (worn)
 p - a +1 pair of gloves (worn)
 t - a +2 leather armour of willpower
Magical Staves
 F - a staff of death
Jewellery
 g - a +4 ring of protection (left hand)
 l - an amulet of magic regeneration
 y - a ring of see invisible
 E - an amulet of the acrobat (around neck)
Wands
 r - a wand of flame (34)
 D - a wand of acid (13)
 K - a wand of paralysis (13)
Potions
 d - 2 potions of might
 e - a potion of lignification
 h - a potion of ambrosia
 i - 2 potions of heal wounds
 k - a potion of invisibility {unknown}
 n - a potion of magic {unknown}
 o - a potion of berserk rage {unknown}
 q - 2 potions of flight {unknown}
 v - a potion of curing
 C - 4 potions of brilliance {unknown}
Miscellaneous
 L - a piece from Xom's chessboard (15/15)


   Skills:
 * Level 6.6 Fighting
 + Level 10.1 Axes
 * Level 10.4 Armour
 + Level 7.7 Shields
 + Level 8.3 Invocations


You had 9 spell levels left.
You didn't know any spells.
Your spell library contained the following spells:

 Spells                   Type           Power      Damage    Failure   Level
 Magic Dart               Conj           0%         1d3       99%         1
 Corpse Rot               Necr/Air       0%         N/A       100%        2
 Ensorcelled Hibernation  Hex/Ice        0%         N/A       100%        2
 Searing Ray              Conj           0%         2d4       100%        2
 Spider Form              Tmut/Pois      0%         N/A       100%        3
 Anguish                  Hex/Necr       0%         N/A       100%        4
 Dispel Undead            Necr           0%         3d6       100%        4
 Fulminant Prism          Conj/Hex       0%         3d6       100%        4
 Death Channel            Necr           Unusable   N/A       N/A         6

Dungeon Overview and Level Annotations

Branches:
Dungeon (10/15)            Temple (1/1) D:5            Lair (0/6) D:8
    Orc: D:9-12

Altars:
Ashenzari
Fedhas
Gozag
Hepliaklqana
Kikubaaqudgha
Makhleb
Nemelex Xobeh
Okawaru
Qazlal
Uskayaw
Wu Jian
Xom
Yredelemnul
Zin

Shops:
D:1 (   D:8 !:*(

Annotations:
D:7 3 runed translucent doors, Joseph; mfcas's ghost, novice DjCj
D:10 Josephine


Innate Abilities, Weirdness & Mutations

You are resistant to damage.
You can heal yourself by infusing magical energy.
You passively map the area around you.
You do not regenerate.


Message History

You are surrounded by a repulsion field.
You are no longer poisoned.
You block the wraith's attack. Josephine hits you but does no damage.
You are poisoned.
The wraith hits you. The wraith barely misses you.
You hit Josephine.
Josephine is severely wounded.
Josephine hits you but does no damage.
You are more poisoned.
You block the wraith's attack. The wraith barely misses you.
Josephine hits you but does no damage.
You are more poisoned.
The wraith hits you but does no damage. x2
You feel very mighty all of a sudden.
You feel sick. You block Josephine's attack. The wraith barely misses you.
The wraith hits you. The wraith drains your vigour!
You feel as though you will be slow longer.
Josephine hits you but does no damage. The wraith barely misses you.
You thump Josephine!
Josephine is almost dead.
The wraith hits you but does no damage. Josephine draws life force from you!
Josephine is healed by the life force!
You block the wraith's attack. The wraith barely misses you.
You barely miss Josephine.
Josephine is severely wounded.
Josephine hits you with a +0 dagger of venom.
You are more poisoned.
The wraith hits you but does no damage. The wraith barely misses you.
Josephine hits you but does no damage.
You are more poisoned.
The wraith completely misses you. The wraith hits you but does no damage.
You sock Josephine!
Josephine is almost dead.
Josephine barely misses you.
The wraith hits you but does no damage. x2
Josephine gestures at you while chanting.
The ghostly flame explodes!
The ghostly fireball engulfs you!!
You feel drained.
Ouch! That really hurt!
You die...
Your body rises from the dead as a mindless zombie.

, * #........#
* , ........#
* ,**
#.......# ,
#.......# * ,
#.......# *,,,
,#.......# ,
,+<......# , *
##.......# ,
.........W@# ,
, .........W@#
, ###........#
, ,
#........####
, *
,#...........#
,*,
#...........#
* ,
#...........#
* ,
#...........#
, ,
...........#


You could see Josephine and 2 wraiths.

Vanquished Creatures
  A two-headed ogre (D:9)
  Pikel (D:7)
  2 wraiths (D:10)
  8 yaks
  A wyvern (D:8)
  2 steam dragons
  An acid dragon (D:9)
  Edmund (D:5)
  4 water moccasins
  Duvessa (D:7)
  An orc warrior (D:8)
  3 sky beasts
  3 ogres
  A black bear (D:8)
  A lemure (D:7)
  3 bullfrogs
  4 scorpions
  A water moccasin skeleton (D:6)
  2 killer bees (D:8)
  A wight (D:8)
  A howler monkey (D:8)
  2 centaur zombies
  A hound (D:4)
  2 centaur skeletons (D:6)
  3 bullfrog skeletons
  An iguana (D:4)
  6 orc wizards
  A killer bee zombie (D:7)
  4 gnolls (D:4)
  4 adders
  3 worms
  6 dart slugs
  15 orcs
  11 endoplasms
  3 giant cockroaches
  6 goblins
  3 hobgoblins
  6 quokkas
  4 ball pythons
  8 bats
  7 kobolds
  4 rats
143 creatures vanquished.

Vanquished Creatures (collateral kills)
  6 yaks (D:9)
  A steam dragon (D:8)
  An orc warrior (D:8)
  A centaur (D:8)
  2 kobold brigands
  A wyvern skeleton (D:7)
  Dowan (D:7)
  4 wights (D:8)
  2 killer bees (D:8)
  A howler monkey (D:8)
  A hound (D:5)
  An orc priest (D:8)
  An orc wizard (D:8)
  A killer bee zombie (D:7)
  3 adders
  An adder skeleton (D:5)
  5 orcs
  7 kobolds
40 creatures vanquished.

Vanquished Creatures (others)
  A wyvern zombie (D:8)
  4 yak zombies (D:9)
  A bullfrog zombie (D:8)
  A centaur zombie (D:8)
  2 killer bee zombies (D:8)
  An ogre zombie (D:7)
  An acid dragon zombie (D:9)
  A steam dragon zombie (D:8)
  4 kobold zombies
  4 orc zombies
  14 fungi (D:8)
  15 plants (D:8)
49 creatures vanquished.

Grand Total: 232 creatures vanquished

Notes
Turn   | Place    | Note
-------+----------+-------------------------------------------
     0 | D:1      | loirottaja the Deep Dwarf Fighter began the quest for the
                  | Orb.
     0 | D:1      | Reached XP level 1. HP: 20/20 MP: 1/1
     5 | D:1      | Noticed an eight-headed hydra
    88 | D:1      | Reached XP level 2. HP: 22/27 MP: 2/2
   130 | D:1      | Found Vonimuts's Antique Weapon Shop.
   321 | D:1      | Reached skill level 1 in Invocations
   364 | D:1      | Found a faded altar of an unknown god.
   411 | D:1      | Noticed a six-headed hydra
   625 | D:1      | Reached XP level 3. HP: 29/33 MP: 3/3
   777 | D:2      | Found a burning altar of Makhleb.
  1314 | D:2      | Reached XP level 4. HP: 28/42 MP: 5/5
  2201 | D:4      | Reached XP level 5. HP: 44/49 MP: 5/5
  2515 | D:5      | Entered Level 5 of the Dungeon
  2585 | D:5      | Reached XP level 6. HP: 45/56 MP: 5/7
  2614 | D:5      | Noticed Edmund
  2617 | D:5      | Noticed a sky beast
  2639 | D:5      | Killed a sky beast
  2640 | D:5      | Reached skill level 5 in Armour
  2653 | D:5      | Killed Edmund
  2790 | D:5      | Reached XP level 7. HP: 44/63 MP: 8/8
  2804 | D:5      | Reached skill level 5 in Axes
  2837 | D:5      | Found a staircase to the Ecumenical Temple.
  2847 | Temple   | Entered the Ecumenical Temple
  2865 | Temple   | Became a worshipper of Yredelemnul the Dark
  3018 | D:5      | Reached * piety under Yredelemnul
  3023 | D:5      | Reached XP level 8. HP: 49/72 MP: 10/10
  3081 | D:5      | Reached skill level 5 in Shields
  3731 | D:6      | Reached skill level 5 in Invocations
  3803 | D:6      | Reached ** piety under Yredelemnul
  4464 | D:7      | Noticed Pikel
  4489 | D:7      | Killed Pikel
  4490 | D:7      | Reached skill level 5 in Fighting
  4490 | D:7      | Gained mutation: You passively map the area around you.
                  | [Deep Dwarf growth]
  4490 | D:7      | Reached XP level 9. HP: 47/81 MP: 12/12
  4655 | D:7      | Found a runed translucent gate.
  4656 | D:7      | Found a runed translucent gate.
  4656 | D:7      | Found a runed translucent gate.
  4664 | D:7      | Noticed Dowan
  4664 | D:7      | Noticed Duvessa
  4680 | D:7      | Killed Duvessa
  4689 | D:7      | Killed Dowan
  4700 | D:7      | Noticed mfcas's ghost (novice DjCj)
  4776 | D:7      | You fall into a shaft and drop 1 floor!
  4817 | D:8      | Found Tudimn's Antique Weapon Shop.
  4898 | D:8      | Found Ocron's Assorted Antiques.
  4909 | D:8      | Reached *** piety under Yredelemnul
  4930 | D:8      | Found Ihahegu's Book Boutique.
  4972 | D:8      | Found a hazy altar of Hepliaklqana.
  4975 | D:8      | Found Xiefie's Distillery.
  5079 | D:8      | Reached **** piety under Yredelemnul
  5174 | D:8      | Reached XP level 10. HP: 63/91 MP: 11/13
  5212 | D:8      | Found a flagged portal.
  5446 | D:8      | Found a staircase to the Lair.
  5546 | D:8      | Bought a potion of degeneration for 11 gold pieces
  5602 | D:7      | Noticed Joseph
  6136 | D:9      | Noticed a two-headed ogre
  6154 | D:9      | Killed a two-headed ogre
  6443 | D:9      | Reached skill level 10 in Armour
  6466 | D:9      | Reached skill level 10 in Axes
  6722 | D:10     | Entered Level 10 of the Dungeon
  6743 | D:10     | Noticed a two-headed ogre
  6826 | D:10     | Noticed Josephine
  6879 | D:10     | Killed from afar by Josephine

Illustrated notes

Levels and vault maps discovered:
D:1:      sevenhm_arrival_forest_fort_small_2, layout_loops_ring,
          chequers_ecumenical_altar_simple, serial_shops, shop, nrook_uturn,
          minmay_split_cup_large
D:2:      layout_basic, basic_altar
D:3:      layout_loops_ring
D:4:      layout_rooms
D:5:      layout_loops_ring, minmay_temple_entry_arrows,
          hangedman_decor_peaks_small, uniq_edmund
D:6:      layout_basic, kennysheep_generic_room_13
D:7:      layout_basic, gammafunk_ghost_necromancy, uniq_pikel, uniq_duvessa,
          uniq_joseph
D:8:      layout_gridville, lemuel_doored_altar, grunt_lair_entry_orc_guard_hut,
          enter_bailey_2, serial_shops, nicolae_shop_statue_plus, shop, shop,
          kennysheep_mini_moat
D:9:      layout_loops_ring
D:10:     layout_irregular_city, grunt_tough_drop, uniq_josephine, uniq_maggie
Temple:   grunt_wide_crystal_templ

Skill      XL: |  1  2  3  4  5  6  7  8  9 10 |
---------------+-------------------------------+-----
Invocations    | 1 2 3 4 5 7 8 |  8.3
Fighting       | 3 4 5 6 |  6.6
Axes           | 3 4 5 7 8 10 | 10.1
Armour         | 4 5 6 7 9 10 | 10.4
Shields        | 4 5 6 7 |  7.7

Action                   |  1- 3 |  4- 6 |  7- 9 | 10-12 || total
-------------------------+-------+-------+-------+-------++-------
Melee: War axe           |    90 |   129 |       |       ||   219
       Flail             |       |     5 |   290 |   166 ||   461
Invok: Recall Undead Har |       |       |     4 |     4 ||     8
       Dark Bargain      |       |       |     1 |       ||     1
 Abil: Heal Wounds       |     1 |     4 |     8 |    19 ||    32
  Use: Scroll            |       |     1 |     8 |     3 ||    12
       Potion            |       |       |     1 |     7 ||     8
 Stab: Distracted        |       |       |     3 |       ||     3
Armor: Scale mail        |    36 |       |       |       ||    36
       Plate armour      |     2 |    86 |   244 |   136 ||   468
       Skin              |       |       |       |    71 ||    71
Dodge: Dodged            |    45 |    46 |   118 |    75 ||   284
       Repelled          |     3 |     1 |     1 |     1 ||     6
Block: Buckler           |    14 |    41 |    87 |    64 ||   206

Table legend: (Time is in decaauts)
 A = Elapsed time spent in this place.
 B = Non-inter-level travel time spent in this place.
 C = Inter-level travel time spent in this place.
 D = Time resting spent in this place.
 E = Time spent auto-exploring this place.
 F = Levels seen in this place.
 G = Mean time per level.
                   A        B        C        D        E       F      G
               +--------+--------+--------+--------+--------+-----+--------+
         Total |   7119 |   6672 |    447 |    455 |   2252 |  11 |  647.2 |
       Dungeon |   7088 |   6641 |    447 |    455 |   2252 |  10 |  708.8 |
        Temple |     31 |     31 |      0 |      0 |      0 |   1 |   31.0 |
               +--------+--------+--------+--------+--------+-----+--------+

Top non-repeatable levels by time:
     D:6: 1105 daAuts
     D:8: 881 daAuts
     D:9: 865 daAuts
     D:5: 777 daAuts
     D:2: 754 daAuts
     D:1: 718 daAuts
     D:7: 674 daAuts
     D:3: 599 daAuts
     D:4: 514 daAuts
    D:10: 195 daAuts
  Temple: 31 daAuts
